AoeStats
← Jason64057

Arena

505606443Analyzed
1v1 RM · 23d ago on Sep 10, 2026· 38m 46s· 2 players
Game mode
Random Map
Map size
Tiny (2 player)
Population
200
Speed
Normal
Resources
Standard
Victory
Conquest
Starting age
Dark Age
Ending age
Imperial Age
RankedLock teamsTeams togetherTeam positionsShared explorationLock speedFull tech treeHidden civsTurbo modeCheats
Victory
Defeat
🇨🇳 Turks · China
1237
+22
🇨🇦 Turks · Canada
1245
-16
Jason64057
12:07 Feudal Age
13:09 Double-Bit Axe
16:14 Castle Age
20:29 Gold Mining
20:53 Bow Saw
22:28 Fletching
23:06 Padded Archer Armor
24:01 Ballistics
24:07 Bodkin Arrow
24:51 Thumb Ring
27:32 Wheelbarrow
27:35 Leather Archer Armor
28:51 Hand Cart
28:26 Horse Collar
29:03 Bloodlines
28:54 Husbandry
31:04 Sipahi
30:34 Town Watch
34:58 Imperial Age
33:01 Scale Barding Armor
35:27 Chain Barding Armor
36:14 Parthian Tactics
35:45 Heavy Cavalry Archer
37:40 Conscription
37:53 Bracer
38:43 Loom
ErisFeet
13:17 Feudal Age
17:23 Castle Age
21:32 Imperial Age
19:05 Double-Bit Axe
19:31 Double-Bit Axe
20:34 Bow Saw
20:22 Horse Collar
20:32 Loom
21:32 Padded Archer Armor
21:22 Fletching
21:29 Gold Mining
23:12 Loom
24:38 Two-Man Saw
25:12 Leather Archer Armor
29:23 Ring Archer Armor
Connection lost

Rejoining the realm…

Still unreachable

The connection could not be restored.

Session expired

The server has moved on; the page needs a fresh start.